Map: Terrasses de Prion

Players

AdRéNaLinE

  • Race: Protoss Protoss
  • League: Diamond

Worming - Winner!

  • Race: Zerg Zerg
  • League: Diamond

VOD

Have the link to the VOD?

Description

Time

  • Played on: Dec. 8, 2015, 11:58 a.m.
  • Length: 18:58
Show
View Real Time Build Order
Export as new Build Order

AdRéNaLinE Protoss 

Build Orders:  

Get SALT Encoding   

  12  0:01  Probe (Chrono Boost)  
  13  0:11  Probe (Chrono Boost)  
  14  0:19  Pylon  
  14  0:22  Probe (Chrono Boost)  
  15  0:37  Probe (Chrono Boost)  
  15  0:38  Gateway  
  16  0:48  Probe (Chrono Boost), Assimilator  
  17  0:58  Probe (Chrono Boost)  
  18  1:04  Assimilator  
  18  1:09  Probe (Chrono Boost)  
  19  1:19  Probe (Chrono Boost)  
  20  1:28  Cybernetics Core  
  20  1:30  Pylon  
  20  1:32  Probe (Chrono Boost)  
  21  1:54  Nexus  
  21  1:57  Probe (Chrono Boost)  
  22  2:05  Warp Gate (Chrono Boost)  
  22  2:09  Mothership Core  
  24  2:22  Gateway  
  24  2:31  Gateway  
  24  2:43  Pylon  
  24  2:46  Probe  
  25  2:55  Sentry  
  27  3:04  Probe (Chrono Boost)  
  28  3:12  Probe  
  29  3:15  Probe  
  30  3:24  Probe  
  31  3:28  Probe  
  31  3:30  Sentry  
  31  3:32  Sentry x2  
  38  3:36  Probe (Chrono Boost)  
  38  3:40  Probe (Chrono Boost)  
  39  3:43  Robotics Facility  
  40  3:48  Probe (Chrono Boost)  
  40  3:51  Probe (Chrono Boost)  
  41  3:59  Probe (Chrono Boost)  
  41  4:00  Pylon  
  41  4:02  Probe (Chrono Boost)  
  43  4:09  Probe (Chrono Boost)  
  44  4:11  Assimilator  
  44  4:12  Probe (Chrono Boost), Pylon  
  44  4:15  Assimilator  
  44  4:16  Adept  
  47  4:20  Probe (Chrono Boost)  
  47  4:23  Probe (Chrono Boost)  
  49  4:30  Probe (Chrono Boost)  
  50  4:32  Observer  
  50  4:33  Probe (Chrono Boost)  
  50  4:36  Stalker x2  
  56  4:41  Probe (Chrono Boost)  
  56  4:44  Probe (Chrono Boost)  
  58  4:51  Probe (Chrono Boost)  
  59  4:54  Probe (Chrono Boost)  
  59  4:56  Immortal  
  64  5:01  Pylon  
  64  5:02  Probe (Chrono Boost)  
  64  5:04  Pylon  
  64  5:05  Probe (Chrono Boost)  
  66  5:23  Stalker x3  
  66  5:27  Pylon  
  72  5:33  Twilight Council  
  72  5:37  Pylon  
  72  5:46  Stalker  
  72  5:47  Stalker  
  72  5:48  Stalker  
  78  5:56  Warp Prism (Chrono Boost)  
  80  5:57  Probe (Chrono Boost)  
  81  6:04  Nexus  
  81  6:11  Pylon  
  81  6:13  Pylon  
  81  6:15  Pylon  
  73  6:41  Immortal (Chrono Boost)  
  73  6:42  Blink (Chrono Boost)  
  73  6:44  Stalker x3  
  83  6:54  Gateway  
  83  6:56  Gateway  
  83  6:57  Gateway  
  83  7:09  Sentry x2  
  83  7:10  Sentry  
  89  7:17  Probe x2 (Chrono Boost)  
  89  7:19  Probe (Chrono Boost)  
  92  7:24  Pylon  
  92  7:28  Probe x2 (Chrono Boost)  
  92  7:29  Probe (Chrono Boost), Pylon  
  95  7:31  Pylon  
  95  7:39  Adept x3  
  95  7:41  Probe (Chrono Boost)  
  95  7:42  Probe x2 (Chrono Boost)  
  104  7:48  Gateway  
  104  7:50  Gateway  
  104  7:52  Probe x2 (Chrono Boost)  
  104  7:53  Probe (Chrono Boost)  
  104  7:57  Pylon x2  
  106  8:03  Stalker x4  
  112  8:36  Stalker x4  
  112  8:37  Stalker x2  
  124  8:59  Zealot  
  124  9:00  Zealot x5  
  124  9:02  Probe  
  136  9:03  Probe  
  136  9:04  Probe  
  133  9:12  Probe  
  133  9:16  Probe  
  121  9:20  Forge  
  121  9:22  Nexus  
  121  9:26  Pylon  
  106  9:43  Stalker x6  
  106  9:44  Stalker x2  
  116  9:57  Protoss Ground Weapons Level 1  
  116  9:59  Photon Cannon  
  116  10:01  Photon Cannon  
  116  10:07  Assimilator  
  116  10:11  Photon Cannon  
  116  10:12  Photon Cannon, Assimilator  
  116  10:15  Zealot  
  116  10:16  Zealot x4  
  116  10:17  Zealot x3  
  123  10:37  Probe  
  123  10:39  Probe x2  
  126  10:48  Probe  
  127  10:50  Probe, Sentry x3  
  127  10:51  Probe, Sentry x4  
  143  10:59  Probe  
  143  11:00  Nexus  
  132  11:09  Probe  
  123  11:29  Pylon  
  123  11:30  Pylon  
  123  11:31  Stalker x5  
  123  11:32  Pylon, Stalker x3  
  139  11:34  Warp Prism (Chrono Boost)  
  141  11:41  Robotics Bay  
  127  12:14  Immortal (Chrono Boost)  
  119  12:19  Robotics Facility  
  119  12:21  Stalker x3  
  119  12:22  Robotics Facility, Stalker x3  
  131  12:24  Zealot x2  
  135  12:47  Nexus  
  135  12:48  Immortal (Chrono Boost)  
  135  12:51  Photon Cannon x2  
  139  12:56  Photon Cannon  
  139  12:58  Photon Cannon  
  139  13:00  Pylon  
  139  13:02  Pylon  
  139  13:03  Gateway  
  139  13:06  Gateway  
  139  13:10  Gateway  
  139  13:12  Gateway  
  151  13:20  Colossus (Chrono Boost)  
  151  13:22  Colossus (Chrono Boost), Immortal (Chrono Boost)  
  133  13:50  Protoss Ground Weapons Level 2 (Chrono Boost)  
  133  14:06  Stalker x3  
  133  14:07  Stalker x3  
  133  14:08  Zealot, Stalker  
  133  14:09  Zealot x4  
  141  14:38  Stalker x2  
  141  14:39  Stalker x2  
  141  14:40  Stalker x2  
  141  14:41  Zealot  
  141  14:42  Zealot  
  147  15:27  Stalker  
  147  15:28  Stalker x3  
  151  15:29  Stalker x5  
  151  15:35  Assimilator  
  161  15:38  Assimilator  
  135  16:02  Zealot x6  
  135  16:03  Zealot x4  
  135  16:04  Zealot x2  
  137  16:18  Nexus  
  137  16:20  Pylon  
  137  16:21  Pylon  
  61  16:44  Stalker x3  
  61  16:45  Stalker x5  
  77  16:52  Adept  
  77  16:53  Adept  
  81  17:00  Mothership Core  
  83  17:08  Zealot  
  85  17:09  Zealot  
  75  17:26  Stalker  
  75  17:27  Stalker  
  63  18:08  Assimilator  
  63  18:09  Stalker  
  63  18:10  Stalker x5  
  63  18:11  Stalker  
  77  18:13  Assimilator  
  77  18:41  Zealot x3  
  77  18:42  Zealot x3  
  77  18:45  Zealot x2  
Show
View Real Time Build Order
Export as new Build Order

Worming Zerg - Winner!

Build Orders: Hatch First 

Get SALT Encoding   

  12  0:01  Drone  
  13  0:12  Overlord  
  13  0:17  Drone  
  14  0:31  Drone x2  
  16  0:36  Drone  
  17  0:54  Drone  
  18  0:57  Hatchery  
  17  1:11  Spawning Pool, Extractor  
  16  1:12  Drone  
  16  1:23  Drone  
  16  1:25  Drone  
  18  1:38  Drone  
  19  1:40  Overlord  
  19  1:58  Queen, Zergling x2  
  22  2:05  Drone  
  23  2:12  Drone x2  
  25  2:15  Metabolic Boost  
  25  2:18  Queen  
  25  2:19  Drone  
  28  2:23  Overlord  
  28  2:38  Drone x2  
  30  3:04  Drone x5  
  35  3:05  Roach Warren  
  33  3:27  Overlord  
  33  3:40  Overlord  
  33  3:41  Zergling x8  
  34  3:42  Zergling x2  
  38  3:49  Roach x2  
  38  3:50  Drone x3  
  45  3:59  Lair  
  45  4:02  Drone, Extractor  
  45  4:03  Drone x4, Extractor  
  45  4:07  Hatchery  
  47  4:15  Drone x3  
  50  4:19  Drone x2  
  50  4:20  Drone, Overlord  
  53  4:37  Evolution Chamber  
  52  4:39  Overlord  
  52  4:41  Overlord  
  52  4:47  Overlord x2  
  52  4:49  Queen  
  54  4:55  Roach x3  
  54  4:58  Drone x3  
  63  5:02  Zerg Missile Weapons Level 1  
  63  5:09  Drone x4  
  64  5:26  Drone x2  
  64  5:28  Drone x4  
  70  5:34  Overlord  
  70  5:35  Roach x3  
  76  5:39  Ravager  
  76  5:40  Ravager, Glial Reconstitution  
  78  5:46  Spire  
  78  5:48  Extractor  
  78  5:49  Extractor  
  75  5:50  Extractor  
  75  5:51  Drone x2  
  75  5:52  Drone x2  
  75  5:53  Drone x2  
  75  5:56  Ravager x2  
  82  5:57  Zergling x2  
  83  6:05  Drone x3  
  83  6:07  Overlord  
  83  6:08  Roach x2  
  79  6:26  Zergling x2, Roach x6  
  79  6:27  Zergling x4  
  94  6:51  Hatchery  
  93  6:54  Queen x2  
  93  6:56  Overlord x2  
  93  6:58  Zerg Flyer Weapons Level 1, Mutalisk x3  
  100  7:09  Mutalisk  
  100  7:10  Mutalisk  
  104  7:19  Mutalisk  
  104  7:21  Zergling x2  
  104  7:22  Zergling x4  
  109  7:24  Drone  
  109  7:25  Drone  
  111  7:35  Overlord x3  
  111  7:37  Hatchery  
  111  7:43  Zerg Melee Weapons Level 1  
  110  7:46  Infestation Pit  
  108  8:18  Mutalisk  
  108  8:19  Mutalisk  
  110  8:22  Drone x12  
  120  8:38  Hive  
  120  8:59  Drone x3  
  120  9:00  Roach, Extractor x2  
  120  9:01  Roach x9  
  128  9:15  Roach  
  128  9:16  Roach x6  
  142  9:28  Hatchery  
  131  9:38  Zergling x8  
  131  9:44  Hatchery  
  130  9:50  Hatchery  
  130  9:52  Zerg Ground Armor Level 1  
  129  9:53  Ultralisk Cavern  
  129  9:56  Zergling x6  
  131  10:12  Zergling x2  
  131  10:13  Zergling x10  
  133  10:23  Overlord  
  133  10:24  Overlord x3  
  133  10:44  Zergling x4  
  133  10:45  Zergling x8  
  133  10:46  Chitinous Plating  
  133  10:47  Adrenal Glands  
  102  11:13  Ultralisk  
  102  11:14  Ultralisk x3  
  118  11:21  Zergling x12  
  118  11:22  Zergling x16  
  122  11:35  Zergling x2, Ultralisk  
  122  11:36  Zergling x4  
  130  11:49  Ravager x2  
  130  11:50  Ravager  
  132  11:56  Extractor  
  121  12:19  Drone  
  121  12:20  Drone x2  
  121  12:21  Zergling x14  
  121  12:22  Zergling x10  
  136  12:23  Extractor  
  135  12:30  Hatchery  
  115  12:47  Zergling x20  
  115  12:50  Greater Spire  
  125  12:52  Zerg Melee Weapons Level 2  
  125  12:54  Evolution Chamber  
  124  13:10  Zergling x18, Ultralisk x2  
  145  13:16  Drone  
  145  13:17  Drone x2  
  145  13:18  Zergling x6  
  123  13:43  Corruptor x4  
  123  13:44  Zergling x16  
  133  13:54  Drone x3  
  133  13:55  Overlord x2  
  136  13:57  Ultralisk x3  
  154  14:03  Extractor  
  153  14:16  Brood Lord x4  
  145  14:36  Ultralisk x2  
  145  14:37  Roach x2  
  147  15:02  Corruptor x2  
  147  15:03  Zergling x2, Roach  
  147  15:04  Roach x2  
  158  15:10  Hydralisk Den  
  151  15:26  Zergling x2  
  151  15:27  Zergling x10  
  143  15:38  Zergling x2  
  143  15:39  Zergling x12, Hatchery  
  143  15:40  Hydralisk x5  
  153  15:44  Zerg Missile Weapons Level 2, Zerg Ground Armor Level 2  
  135  15:58  Ultralisk x2  
  135  15:59  Ultralisk  
  145  16:11  Zergling x10, Ultralisk  
  153  16:24  Overlord  
  153  16:25  Zergling x6, Ultralisk  
  132  16:39  Brood Lord  
  128  16:40  Brood Lord  
  119  17:10  Hatchery  
  109  17:28  Zergling x6, Ultralisk x2  
  109  17:29  Zergling x2, Corruptor x2  
  127  17:30  Roach x2, Hydralisk x2  
  133  17:39  Extractor  
  133  17:41  Extractor  
  123  18:02  Corruptor x2, Hydralisk x2  
  123  18:03  Hydralisk  
  131  18:11  Zergling x12  
  137  18:35  Drone x6  
  137  18:36  Roach  
  137  18:37  Roach x4  
Tags
 
Add a new tag
Caveats
  • Supply blocks, unpowered buildings, or Contaminate may cause inaccurate times.
  • Supply counts are checked every 10 seconds.